 Seeded DCSS version 0.32-a0-136-gc02482b (webtiles) character file.

Game seed: 3644087795793700585 (custom seed)

98 lyrin the Ruffian (level 4, -3/34 HPs)
             Began as an Armataur Shapeshifter on Feb 10, 2024.
             Constricted to death by Ijyb (4 damage)
             ... on level 3 of the Dungeon.
             The game lasted 00:03:27 (2057 turns).

lyrin the Ruffian (Armataur Shapeshifter)           Turns: 2057, Time: 00:03:28

Health: -3/34      AC:  4    Str: 21    XL:     4   Next: 43%
Magic:  4/4        EV:  5    Int: 11    God:
Gold:   241        SH:  6    Dex:  9    Spells: 3/3 levels left

rFire   . .          .
                       - Unarmed
rCold   . . .        u - +0 kite shield
rNeg    . . .        a - +0 animal skin
rPois   .            (helmet currently unavailable)
rElec   .            (cloak currently unavailable)
rCorr   .            (gloves currently unavailable)
SInv    .            (no barding)
Will    +....        p - amulet of the acrobat
Stlth   +            k - ring of willpower
HPRegen 0.25/turn    q - ring of wizardry
MPRegen 0.09/turn

%: acrobat, roll, wizardry (x1)
@: beast-form, grasped by roots, constricted, invisible
A: beast (slay +1), large, deformed body, tough skin 3, armoured tail, roll 1
a: Begin Untransformation


You were on level 3 of the Dungeon.
You were a hulking beast.
You visited 1 branch of the dungeon, and saw 3 of its levels.

You collected 241 gold pieces.

Inventory:

Hand Weapons
 j - a +3 spear
 y - the +5 short sword of Tension {holy, rC- Will+ Int+9 Dex-5}
   (You found it on level 3 of the Dungeon)

   Int+9:     It affects your intelligence (+9).
   Dex-5:     It affects your dexterity (-5).
   rC-:       It makes you vulnerable to cold.
   Will+:     It increases your willpower.
Missiles
 r - 5 poisoned darts (quivered)
Armour
 a - a +0 animal skin (worn)
 o - a +0 ring mail
 s - a +0 plate armour
 t - a +0 cloak
 u - a +0 kite shield (worn)
Jewellery
 k - a ring of willpower (left hand)
 p - an amulet of the acrobat (around neck)
 q - a ring of wizardry (right hand)
 v - a ring of willpower
 x - a ring of flight
Talismans
 c - a beast talisman (active)
 d - a flux talisman
Scrolls
 b - a scroll of fog {unknown}
 f - a scroll of teleportation {unknown}
 g - a scroll of noise
 m - a scroll of fear {unknown}
 n - a scroll of revelation {unknown}
 w - a scroll of identify {unknown}
Potions
 e - a potion of mutation {unknown}
 i - a potion of curing
 l - a potion of enlightenment {unknown}


   Skills:
 + Level 0.8 Fighting
 + Level 2.0 Armour
 + Level 1.5 Dodging
 + Level 3.7 Unarmed Combat
 * Level 3.3 Shapeshifting


You had 3 spell levels left.
You didn't know any spells.
Your spell library contained the following spells:

 Spells                   Type           Power      Damage    Failure   Level
 Kiss of Death            Conj/Necr      0%         2d5       34%         1
 Sandblast                Erth           0%         2d4       34%         1
 Confusing Touch          Hex            0%         N/A       71%         3
 Dazzling Flash           Conj/Hex       0%         N/A       71%         3
 Passwall                 Erth           0%         N/A       71%         3
 Stone Arrow              Conj/Erth      0%         3d7       71%         3
 Volatile Blastmotes      Fire/Tloc      0%         2d10      71%         3
 Brom's Barrelling Bould  Conj/Erth      0%         2d3       97%         4
 Dispel Undead            Necr           0%         3d6       97%         4
 Starburst                Conj/Fire      0%         6d3       100%        6
 Maxwell's Capacitive Co  Air            0%         ∞         100%        8


Dungeon Overview and Level Annotations

Branches:
Dungeon (3/15)

Altars:

Shops:
D:3 [

Annotations:
D:3 Ijyb, Robin, Sigmund


Innate Abilities, Weirdness & Mutations

You are a hulking beast.
Your limbs bulge with bestial killing power. (Slay +1)
Armour fits poorly on your strangely shaped body.
You have extremely tough skin. (AC +3)
You have a long armoured tail.
You regenerate magic when rolling toward enemies. (Rampage MPRegen)


Message History

The hobgoblin shouts!
The goblin hits you with a +0 club.
You closely miss the goblin. The goblin barely misses you.
You closely miss the goblin. The goblin hits you with a +0 club.
Unknown command.
You hit the goblin.
You kill the goblin!
You closely miss the goblin.
Your tail-slap misses the goblin.
The goblin closely misses you.
Unknown command.
You hit the goblin.
The goblin is moderately wounded.
The goblin barely misses you. You block Ijyb's attack.
Unknown command.
You barely miss the goblin.
The goblin is moderately wounded.
Something hits you but does no damage. You block the goblin's attack.
Robin roars a battlecry!
The goblins go into a battle-frenzy!
Ijyb hits you with a +6 club.
You hit the goblin.
You kill the goblin!
Ijyb hits you with a +6 club. Something hits you.
The goblin hits you with a +0 dagger.
Unknown command.
Okay, then.
As you read the scroll labelled FIOSTRELIOMP, it crumbles to dust.
You hear a loud clanging noise!
It was a scroll of noise.
Ijyb zaps a wand.
The roots erupt in riotous growth!
The grasping roots grab you!
The goblin is unaffected.
Ijyb is unaffected.
The grasping roots constrict you. Something hits you but does no damage.
The goblin hits you with a +0 dagger.
* * * LOW HITPOINT WARNING * * *
It was a potion of invisibility.
You fade into invisibility!
Ijyb hits you with a +6 club!
* * * LOW HITPOINT WARNING * * *
The grasping roots constrict you.
You die...
Ijyb screams, "Time for next experiment!"

........#.#..#####.#
.....##.....## #.#
.........#..# #.#
....###........ #g#
....# #........ #.#
.....[#........# #.#
...............# #.#
.............gg###{#
.............ggghg.#
.............gg#####
.............g ....
... .. .


You could see Ijyb (unable to see you), Robin (unable to see you), 3 hobgoblins
and 4 goblins.

Vanquished Creatures
  A bombardier beetle (D:3)
  An adder (D:2)
  A dart slug (D:1)
  An orc (D:3)
  4 endoplasms (D:1)
  2 giant cockroaches (D:1)
  4 hobgoblins
  4 jackals (D:3)
  4 quokkas (D:2)
  5 ball pythons
  5 bats
  2 frilled lizards
  3 goblins
  7 kobolds
  4 rats
48 creatures vanquished.

Notes
Turn   | Place    | Note
-------+----------+-------------------------------------------
     0 | D:1      | lyrin the Armataur Shapeshifter began the quest for the
                  | Orb.
     0 | D:1      | Reached XP level 1. HP: 15/15 MP: 1/1
   174 | D:1      | Reached XP level 2. HP: 21/22 MP: 2/2
   887 | D:2      | Reached XP level 3. HP: 22/27 MP: 3/3
   992 | D:2      | Found a faded altar of an unknown god.
  1927 | D:3      | Reached skill level 1 in Armour
  1927 | D:3      | Reached XP level 4. HP: 34/34 MP: 4/4
  1989 | D:3      | Identified the +5 short sword of Tension {holy, rC- Will+
                  | Int+9 Dex-5}
  1990 | D:3      | Found Daduc's Armour Boutique.
  2020 | D:3      | Noticed Sigmund
  2020 | D:3      | Noticed Ijyb
  2048 | D:3      | Noticed Robin
  2057 | D:3      | HP: 1/34 [Ijyb/+6 club (8)]
  2057 | D:3      | Constricted to death by Ijyb

Illustrated notes

Levels and vault maps discovered:
D:1:      nicolae_arrival_washed_ashore, layout_basic,
          amcnicky_mini_corridor_feature, minmay_heptomino_d4
D:2:      layout_rooms, ebering_ecumenical_altar_webs, interstate_on_off,
          minmay_surrounded
D:3:      layout_rooms, serial_shops, shop, uniq_sigmund, uniq_robin, uniq_ijyb,
          uniq_jessica

Skill      XL: |  1  2  3  4 |
---------------+-------------+-----
Unarmed Combat | 3 |  3.7
Shapeshifting  | 3 |  3.3
Armour         | 1 2 |  2.0
Fighting       | |  0.8
Dodging        | |  1.5

Action                     |  1- 3 |  4- 6 || total
---------------------------+-------+-------++-------
  Melee: Unarmed           |   112 |    16 ||   128
         Tailslap          |    11 |     1 ||    12
         Punch             |     2 |       ||     2
    Use: Potion            |     2 |     1 ||     3
         Scroll            |       |     1 ||     1
 Armour: Animal skin       |    27 |    10 ||    37
         Ring mail         |    28 |       ||    28
         Plate armour      |    18 |     6 ||    24
         Skin              |     8 |       ||     8
  Dodge: Dodged            |    47 |     8 ||    55
  Block: Kite shield       |       |     2 ||     2
   Form: Beast             |     1 |       ||     1

Table legend: (Time is in decaauts)
 A = Elapsed time spent in this place.
 B = Non-inter-level travel time spent in this place.
 C = Inter-level travel time spent in this place.
 D = Time resting spent in this place.
 E = Time spent auto-exploring this place.
 F = Levels seen in this place.
 G = Mean time per level.
                   A        B        C        D        E       F      G
               +--------+--------+--------+--------+--------+-----+--------+
         Total |   2049 |   2036 |     13 |    281 |   1313 |   3 |  683.0 |
       Dungeon |   2049 |   2036 |     13 |    281 |   1313 |   3 |  683.0 |
               +--------+--------+--------+--------+--------+-----+--------+

Top non-repeatable levels by time:
     D:1: 843 daAuts
     D:2: 756 daAuts
     D:3: 448 daAuts
